 Dungeon Crawl Stone Soup version 0.30.1-4-g462c640d31 (webtiles) character file.

Game seed: 3010613459687022813

150 spardeous the Conjurer (level 4, 0/33 HPs)
             Began as a Demigod Conjurer on Aug 18, 2023.
             Killed from afar by a white imp (14 damage)
             ... with a puff of frost
             ... on level 3 of the Dungeon.
             The game lasted 00:01:26 (2563 turns).

spardeous the Conjurer (Demigod Conjurer)           Turns: 2563, Time: 00:01:26

Health: 0/33       AC:  5    Str:  8    XL:     4   Next: 84%
Magic:  3/9        EV: 10    Int: 24    God:
Gold:   84         SH:  0    Dex: 12    Spells: 3/6 levels left

rFire   . . .        (no weapon)
rCold   . . .        (no shield)
rNeg    . . .        e - +0 ring mail
rPois   .            (no helmet)
rElec   .            (no cloak)
rCorr   .            (no gloves)
SInv    .            (no boots)
Will    .....        (no amulet)
Stlth   +            (no ring)
HPRegen 0.25/turn    (no ring)
MPRegen 0.11/turn

%: no passive effects
@: very slightly contaminated
A: high MP 1, forlorn, divine attributes
a: no special abilities


You were on level 3 of the Dungeon.
You visited 1 branch of the dungeon, and saw 3 of its levels.

You collected 84 gold pieces.

Inventory:

Armour
 a - a +0 robe
 e - a +0 ring mail (worn)
Jewellery
 i - an amulet of the acrobat
Scrolls
 c - a scroll of enchant weapon {unknown}
 d - 2 scrolls of teleportation {unknown}
 h - a scroll of immolation {unknown}
 j - 3 scrolls of identify {unknown}
 l - a scroll of noise {unknown}
 n - a scroll of blinking {unknown}
 o - a scroll of vulnerability {unknown}
Potions
 b - 2 potions of magic
 f - 2 potions of heal wounds {unknown}
 g - a potion of invisibility {unknown}
 k - a potion of might {unknown}
 m - a potion of mutation {unknown}


   Skills:
 - Level 1.7 Dodging
 - Level 1.7 Stealth
 - Level 1.7 Spellcasting
 + Level 5.9 Conjurations


You had 3 spell levels left.
You knew the following spells:

 Your Spells              Type           Power      Damage    Failure   Level
a - Magic Dart            Conj           100%       1d8       3%          1
b - Searing Ray           Conj           60%        2d6       4%          2

Your spell library contained the following spells:

 Spells                   Type           Power      Damage    Failure   Level
 Kiss of Death            Conj/Necr      64%        2d10      12%         1
 Dazzling Flash           Conj/Hex       32%        N/A       34%         3
 Confusing Touch          Hex            2%         N/A       75%         3
 Volatile Blastmotes      Fire/Tloc      4%         2d10      75%         3
 Fulminant Prism          Conj/Hex       8%         3d7       75%         4
 Iskenderun's Mystic Bla  Conj/Tloc      16%        2d5       75%         4
 Dispel Undead            Necr           2%         3d7       98%         4
 Starburst                Conj/Fire      8%         6d4       100%        6


Dungeon Overview and Level Annotations

Branches:
Dungeon (3/15)

Shops:
D:1 *


Innate Abilities, Weirdness & Mutations

You have an increased reservoir of magic. (+10% MP)
You shall have no god before yourself.
Your divine heritage dramatically boosts your attributes as you level up.


Message History

Casting: Magic Dart (safe; 3% risk of failure)
Confirm with . or Enter, or press ? or * to list all spells.
Aiming: Magic Dart (safe; 3% risk of failure)
Press: ? - help, Shift-Dir - straight line, f/p - white imp
Aim: a white imp (100% to hit)
The magic dart hits the white imp.
The white imp is heavily wounded.
The white imp gestures at you. The puff of frost hits you!
A white imp is nearby!
Casting: Magic Dart (safe; 3% risk of failure)
Confirm with . or Enter, or press ? or * to list all spells.
Aiming: Magic Dart (safe; 3% risk of failure)
Press: ? - help, Shift-Dir - straight line, f/p - white imp
Aim: a white imp (heavily wounded, 100% to hit)
You miscast Magic Dart.
Nothing appears to happen.
The white imp hits you but does no damage.
You take 14 damage, and have 19/33 hp.
MASSIVE DAMAGE!!
You now have 5/9 mp.
A white imp is nearby!
Casting: Magic Dart (safe; 3% risk of failure)
Confirm with . or Enter, or press ? or * to list all spells.
Aiming: Magic Dart (safe; 3% risk of failure)
Press: ? - help, Shift-Dir - straight line, f/p - white imp
Aim: a white imp (heavily wounded, 100% to hit)
The magic dart hits the white imp but does no damage.
The white imp is heavily wounded.
The white imp gestures at you. The puff of frost hits you.
* * * LOW HITPOINT WARNING * * *
You take 6 damage, and have 13/33 hp.
You now have 4/9 mp.
A white imp is nearby!
Casting: Magic Dart (safe; 3% risk of failure)
Confirm with . or Enter, or press ? or * to list all spells.
Aiming: Magic Dart (safe; 3% risk of failure)
Press: ? - help, Shift-Dir - straight line, f/p - white imp
Aim: a white imp (heavily wounded, 100% to hit)
You miscast Magic Dart.
Nothing appears to happen.
The white imp gestures at you. The puff of frost hits you!
You die...

# ..............##########.#
>.................#######.#
...........................
...............##......###.#
...........###......#..#
.#.........# #####....##
...........# ##...##
...####.#### #.#...
#@...########.####
#....5.................
........................
..#..######........#####
?... ..........# ##. ....
#........# #.. ##.
#........# #.# #.
#........###.#
#............#


You could see a white imp.

Vanquished Creatures
  An orc priest (D:3)
  An orc wizard (D:3)
  4 adders (D:2)
  A dart slug (D:1)
  3 orcs (D:3)
  4 endoplasms
  A giant cockroach (D:2)
  4 goblins
  4 hobgoblins
  4 jackals (D:1)
  6 quokkas
  8 ball pythons
  2 bats
  3 frilled lizards
  3 kobolds
  4 rats
53 creatures vanquished.

Notes
Turn   | Place    | Note
-------+----------+-------------------------------------------
     0 | D:1      | spardeous the Demigod Conjurer began the quest for the Orb.
     0 | D:1      | Reached XP level 1. HP: 14/14 MP: 5/5
    56 | D:1      | Found Sauliu's General Store.
   174 | D:1      | Reached skill level 4 in Conjurations
   273 | D:1      | Reached XP level 2. HP: 20/20 MP: 1/7
  1065 | D:2      | Learned a level 2 spell: Searing Ray
  1140 | D:2      | Reached XP level 3. HP: 26/26 MP: 4/8
  1381 | D:2      | Reached skill level 5 in Conjurations
  1898 | D:2      | Reached XP level 4. HP: 33/33 MP: 7/9
  2563 | D:3      | Killed from afar by a white imp

Illustrated notes

Levels and vault maps discovered:
D:1:      lemuel_arrival_cross, layout_rooms,
          shapermc_ecumenical_altar_mp_urbaneastern, serial_shops,
          nicolae_shop_rolling_square, dreamdust_mushroom_princess
D:2:      layout_basic, grunt_decor_clamped, grunt_decor_resistance,
          kennysheep_crisscross
D:3:      minmay_thinvault, layout_rooms

Skill      XL: |  1  2  3 |
---------------+----------+-----
Conjurations   | 4 5 |  5.9
Dodging        | |  1.7
Stealth        | |  1.7
Spellcasting   | |  1.7

Action                     |  1- 3 |  4- 6 || total
---------------------------+-------+-------++-------
  Melee: Unarmed           |    10 |       ||    10
   Cast: Magic Dart        |    94 |    24 ||   118
         Searing Ray       |       |     1 ||     1
 Armour: Robe              |     1 |       ||     1
         Ring mail         |     9 |     6 ||    15
  Dodge: Dodged            |    12 |    12 ||    24
